 Dungeon Crawl Stone Soup version 0.19.0 (webtiles) character file.

49 edsrzf the Insei (level 4, -4/26 HPs)
             Began as a Kobold Transmuter on Nov 20, 2016.
             Slain by a worm (8 damage)
             ... on level 2 of the Dungeon.
             The game lasted 00:05:45 (1874 turns).

edsrzf the Insei (Kobold Transmuter)                Turns: 1874, Time: 00:05:47

Health: -4/26      AC:  4    Str:  7    XL:     4   Next: 1%
Magic:  16/16      EV: 12    Int: 15    God:
Gold:   86         SH:  0    Dex: 15    Spells: 2 memorised, 4 levels left

rFire  . . .     SeeInvis .       - Unarmed
rCold  . . .     Gourm    .     b - +0 robe
rNeg   . . .     Faith    .     (shield restricted)
rPois  .         Spirit   .     j - +0 helmet
rElec  .         Reflect  .     (no cloak)
rCorr  .         Harm     .     (no gloves)
MR     .....                    g - +0 pair of boots
Stlth  +.........               (no amulet)
                                (no ring)
                                m - ring of magical power

@: constricted
A: carnivore 3
a: no special abilities


You were on level 2 of the Dungeon.
You were completely stuffed.

You visited 1 branch of the dungeon, and saw 2 of its levels.

You collected 86 gold pieces.

Inventory:

Missiles
 a - 31 arrows
Armour
 b - a +0 robe (worn)
 g - a +0 pair of boots (worn)
 j - a +0 helmet (worn)
Jewellery
 m - a ring of magical power (left hand)
Scrolls
 e - 3 scrolls of remove curse {unknown}
 f - 3 scrolls of identify {unknown}
 h - 2 scrolls of teleportation {unknown}
 i - a scroll of recharging {unknown}
 k - a scroll of random uselessness {unknown}
Potions
 l - a potion of lignification {unknown}
Books
 c - a book of Changes
Comestibles
 d - 2 meat rations


   Skills:
 + Level 1.7 Fighting
 - Level 2.4 Dodging
 * Level 3.8 Unarmed Combat
 - Level 2.1 Spellcasting
 * Level 2.9 Transmutations


You had 4 spell levels left.
You knew the following spells:

 Your Spells              Type           Power        Failure   Level  Hunger
a - Beastly Appendage     Tmut           ##....       10%         1    #......
k - Sticks to Snakes      Tmut           ##......     12%         2    ###....


Dungeon Overview and Level Annotations

Branches:
Dungeon (2/15)

Altars:


Innate Abilities, Weirdness & Mutations

You are small and have problems with some larger weapons.
You are carnivorous and can eat meat at any time.


Message History

You feel your magic capacity increase.
m - a ring of magical power (left hand)
The hobgoblin shouts!
There is a stone staircase leading down here.
You hit the hobgoblin.
The hobgoblin is moderately wounded.
The hobgoblin barely misses you.
You completely miss the hobgoblin.
The hobgoblin is moderately wounded.
The hobgoblin hits you with a club.
You closely miss the hobgoblin.
The hobgoblin is moderately wounded.
The hobgoblin barely misses you.
You barely miss the hobgoblin.
The hobgoblin is moderately wounded.
You hit the hobgoblin.
The hobgoblin is almost dead.
The hobgoblin closely misses you.
You hit the hobgoblin.
You kill the hobgoblin!
You have reached level 4!
Things that are here:
a club; a hobgoblin corpse You start resting.
Unknown command.
A worm is nearby!
Found a scroll labeled QIHEARCH NUOPIURI.
Found a chain mail.
f - 3 scrolls labeled QIHEARCH NUOPIURI (gained 1)
You see here a chain mail.
Magic restored.
Found 8 tomahawks.
A goblin comes into view. It is wielding a club.
A ball python and a worm come into view.
The ball python hisses angrily.
You completely miss the ball python. The ball python bites you.
The ball python closely misses you.
You hit the goblin.
The goblin is heavily wounded.
The ball python bites you but does no damage.
The ball python closely misses you.
You barely miss the goblin.
The goblin is heavily wounded.
The goblin completely misses you. The ball python closely misses you.
The ball python misses you.
You barely miss the goblin.
The goblin is heavily wounded.
The goblin closely misses you.
The ball python bites you but does no damage.
The ball python misses you.
You hit the goblin but do no damage.
The goblin is moderately wounded.
The goblin misses you.
The ball python bites you but does no damage.
The ball python grabs you. The ball python constricts you.
You closely miss the ball python. The ball python closely misses you.
The ball python constricts you. The goblin misses you.
You closely miss the ball python.
The ball python bites you but does no damage.
The ball python constricts you. The goblin hits you with a club.
You barely miss the ball python. The ball python bites you.
The ball python constricts you. The goblin hits you but does no damage.
You hit the ball python.
The ball python is severely wounded.
The ball python barely misses you. The ball python constricts you.
You closely miss the ball python.
The ball python is severely wounded.
The ball python bites you but does no damage.
The ball python constricts you. The goblin hits you with a club.
You hit the ball python.
The ball python is severely wounded.
The ball python barely misses you. The ball python constricts you.
The goblin barely misses you. The ball python bites you.
The ball python constricts you.
You closely miss the ball python.
The ball python is severely wounded.
The goblin hits you but does no damage. The ball python bites you.
The ball python constricts you. The worm bites you.
You hit the ball python but do no damage.
The ball python is severely wounded.
The ball python barely misses you. The ball python constricts you.
The goblin hits you but does no damage.
You closely miss the ball python.
The ball python is heavily wounded.
The ball python closely misses you. The ball python constricts you.
The worm closely misses you. The goblin hits you but does no damage.
You completely miss the ball python.
The ball python is heavily wounded.
The ball python closely misses you. The ball python constricts you.
Okay, then.
Okay, then.
Unknown command.
You closely miss the ball python.
The ball python is heavily wounded.
The goblin hits you with a club.
* * * LOW HITPOINT WARNING * * *
The ball python misses you.
* * * LOW HITPOINT WARNING * * *
The ball python constricts you. The worm bites you!
You die...

############
##########...##.....##
.............#...w...##
##########......@g....#
#..#....S....#
#.##...(.....#
...##.........#
..####.........# ...
.........## ..
.#.........# ...
............#


You could see a worm, a goblin and a ball python.

Vanquished Creatures
  7 leopard geckos (D:1)
  7 bats
  3 giant cockroaches (D:1)
  6 goblins
  4 hobgoblins
  A frilled lizard (D:1)
  5 kobolds
  6 rats (D:1)
39 creatures vanquished.

Notes
Turn   | Place    | Note
-------+----------+-------------------------------------------
     0 | D:1      | edsrzf the Kobold Transmuter began the quest for the Orb.
     0 | D:1      | Reached XP level 1. HP: 12/12 MP: 3/3
   120 | D:1      | Reached XP level 2. HP: 14/16 MP: 3/5
   136 | D:1      | Learned a level 2 spell: Sticks to Snakes
   599 | D:1      | Reached XP level 3. HP: 12/20 MP: 3/6
  1111 | D:1      | Identified a potion of might
  1795 | D:2      | Reached XP level 4. HP: 24/26 MP: 7/7
  1874 | D:2      | Slain by a worm

Action                   |  1- 3 |  4- 6 || total
-------------------------+-------+-------++-------
Melee: Unarmed           |   210 |    16 ||   226
       Headbutt          |     2 |       ||     2
       Kick              |     8 |       ||     8
       Punch             |     3 |       ||     3
 Cast: Beastly Appendage |    11 |       ||    11
  Use: Potion            |     1 |       ||     1
 Stab: Sleeping          |     1 |       ||     1
  Eat: Chunk             |    12 |       ||    12
Armor: Robe              |    35 |     9 ||    44
Dodge: Dodged            |   178 |    18 ||   196
